 Dungeon Crawl Stone Soup version 0.26-a0-154-g3d63440f56 (webtiles) character file.

Game seed: 2303701220567979513

14 Flugslaktarn the Chiller (level 2, -2/17 HPs)
             Began as an Octopode Ice Elementalist on June 30, 2020.
             Killed from afar by Sigmund (10 damage)
             ... with a magic dart
             ... on level 2 of the Dungeon.
             The game lasted 00:01:02 (243 turns).

Flugslaktarn the Chiller (Octopode Ice Elementalist) Turns: 243, Time: 00:01:03

Health: -2/17      AC:  1    Str:  7    XL:     2   Next: 45%
Magic:  4/5        EV: 13    Int: 17    God:
Gold:   46         SH:  0    Dex: 12    Spells: 4/5 levels left

rFire    . . .     SeeInvis .   e - +0 club
rCold    . . .     Faith    .   (no shield)
rNeg     . . .     Spirit   .   (helmet restricted)
rPois    .         Reflect  .   (no amulet)
rElec    .         Harm     .   (no ring)
rCorr    .                      (no ring)
MR       .....                  (no ring)
Stlth    +++.......             (no ring)
HPRegen  0.05/turn              (no ring)
MPRegen  0.09/turn              (no ring)
                                (no ring)
                                (no ring)

@: no status effects
A: almost no armour, stealthy swim, amphibious, 8 rings, constrict 8, camouflage
1, gelatinous body 1
a: no special abilities


You were on level 2 of the Dungeon.
You were not hungry.

You visited 1 branch of the dungeon, and saw 2 of its levels.

You collected 46 gold pieces.

Inventory:

Hand Weapons
 e - a +0 club (weapon)
   (You took it off a kobold on level 1 of the Dungeon)
Scrolls
 a - a scroll of immolation {unknown}
 c - a scroll of remove curse {unknown}
 f - a scroll of teleportation {unknown}
 g - a scroll of identify {unknown}
Potions
 d - a potion of mutation {unknown}
Comestibles
 b - a ration


   Skills:
 - Level 2.0 Dodging
 - Level 2.6 Stealth
 + Level 2.4 Spellcasting
 + Level 4.3 Ice Magic


You had 4 spell levels left.
You knew the following spells:

 Your Spells              Type           Power        Failure   Level  Hunger
a - Freeze                Ice            ###.         3%          1    #......

Your spell library contained the following spells:

 Spells                   Type           Power        Failure   Level  Hunger
 Frozen Ramparts          Ice            ###...       10%         3    ###....
 Ozocubu's Armour         Chrm/Ice       #.......     22%         3    ###....
 Hailstorm                Conj/Ice       #.......     58%         4    #####..
 Summon Ice Beast         Ice/Summ       #.......     58%         4    #####..


Dungeon Overview and Level Annotations

Branches:
Dungeon (2/15)

Altars:

Annotations:
D:2 Sigmund


Innate Abilities, Weirdness & Mutations

You cannot wear most types of armour.
You are very stealthy in the water. (Stealth+)
You are amphibious.
You can wear up to eight rings at the same time.
You can use your tentacles to constrict eight enemies at once.
Your skin changes colour to match your surroundings (Stealth+).
Your rubbery body absorbs attacks. (AC +1, EV +1)


Message History

The hobgoblin is heavily wounded.
The hobgoblin splashes around in the water.
You closely miss the hobgoblin. Your grab misses the hobgoblin.
The hobgoblin is heavily wounded.
The hobgoblin hits you with a +0 club.
* * * LOW HITPOINT WARNING * * *
Casting: Freeze (safe; 3% risk of failure)
Confirm with . or Enter, or press ? or * to list all spells.
Aiming: Freeze (safe; 3% risk of failure)
Press: ? - help, Shift-Dir - straight line, f/p - hobgoblin
Aim: a hobgoblin, wielding a +0 club (heavily wounded)
You freeze the hobgoblin.
You kill the hobgoblin!
You hear a splash.
Casting: Freeze (safe; 3% risk of failure)
Confirm with . or Enter, or press ? or * to list all spells.
Aiming: Freeze (safe; 3% risk of failure)
Press: ? - help, Shift-Dir - straight line, f - leopard gecko
Aim: a leopard gecko You freeze the leopard gecko!
You kill the leopard gecko!
Things that are here:
a +0 club; a hobgoblin corpse
Found 9 gold pieces.
f - a scroll labeled WEZACR RAIS You now have 37 gold pieces (gained 10).
You now have 46 gold pieces (gained 9).
Found a scroll labeled LUNOYC HAEMN.
Found a scroll labeled LUNOYC HAEMN.
A goblin comes into view. It is wielding a +0 dagger.
A bat comes into view.
You see here a scroll labeled LUNOYC HAEMN.
The goblin shouts!
You see here a scroll labeled LUNOYC HAEMN.
g - a scroll labeled LUNOYC HAEMN The goblin hits you with a +0 dagger.
* * * LOW HITPOINT WARNING * * *
Sigmund the Dreaded comes into view.
He is wielding a +0 scythe.
Casting: Freeze (safe; 3% risk of failure)
Confirm with . or Enter, or press ? or * to list all spells.
Aiming: Freeze (safe; 3% risk of failure)
Press: ? - help, Shift-Dir - straight line, f - goblin
Aim: a goblin, wielding a +0 dagger You freeze the goblin.
You kill the goblin!
A rat comes into view.
Sigmund gestures at you while chanting. The magic dart hits you!
Ouch! That really hurt!
You die...

... #. ... #. #.#
##.###.####
#.........#
##.........#
#..........#
r.#..?.......#
#.....)@.....#
#...####..#.## @.
#.##.### #...#...#
#...###.######## #
#...###.##.....# ..
##...##..##.....#
#..##..###...##.....#
...........#........#


You could see Sigmund and a rat (wandering).

Vanquished Creatures
  A dart slug (D:1)
  2 leopard geckos
  A goblin (D:2)
  2 hobgoblins (D:2)
  3 kobolds
9 creatures vanquished.

Notes
Turn   | Place    | Note
-------+----------+-------------------------------------------
     0 | D:1      | Flugslaktarn the Octopode Ice Elementalist began the quest
                  | for the Orb.
     0 | D:1      | Reached XP level 1. HP: 11/11 MP: 3/3
   162 | D:1      | Reached XP level 2. HP: 17/17 MP: 5/5
   242 | D:2      | Noticed Sigmund
   243 | D:2      | Killed from afar by Sigmund

Illustrated notes

Levels and vault maps discovered:
D:1:      dpeg_arrival_short_road, layout_basic
D:2:      wander_river, layout_rooms, overflow_temple_1_default, first_ration,
          minmay_misc_feat_roman, uniq_sigmund

Action                   || total
-------------------------++-------
Melee: Unarmed           ||     6
       Constrict         ||     4
       Tentacles         ||     1
       Club              ||     3
 Cast: Freeze            ||     9
 Stab: Sleeping          ||     2
Dodge: Dodged            ||     8

Table legend:
 A = Non-vault XP
 B = Vault XP
 C = Vault XP percentage of total XP
 D = Non-vault monster count
 E = Vault monster count
 F = Vault count percentage of total count
                 A         B        C        D         E       F
            +---------+---------+-------+---------+---------+-------
      Total |      21 |       0 |   0.0 |       9 |       0 |   0.0
            +---------+---------+-------+---------+---------+-------
        D:1 |      10 |       0 |   0.0 |       4 |       0 |   0.0
        D:2 |      11 |       0 |   0.0 |       5 |       0 |   0.0
            +---------+---------+-------+---------+---------+-------
